 Dungeon Crawl Stone Soup version 0.29-a0-194-g6e3aafee17 (webtiles) character file.

Game seed: 10640679446464707674

65166 freelancePsychic the Bewitcher (level 14, -5/88 HPs)
             Began as a Deep Elf Fire Elementalist on Feb 22, 2022.
             Was an Elder of Sif Muna.
             Slain by a centaur warrior simulacrum (27 damage)
             ... on level 15 of the Dungeon.
             The game lasted 01:20:07 (34179 turns).

freelancePsychic the Bewitcher (DEFE)              Turns: 34179, Time: 01:20:08

Health: -5/88      AC: 10    Str:  5    XL:     14   Next: 74%
Magic:  2/30       EV: 20    Int: 24    God:    Sif Muna [****..]
Gold:   1583       SH:  0    Dex: 17    Spells: 0/34 levels left

rFire   + . .      SeeInvis .   e - +1 dagger (venom)
rCold   x . .      Faith    .   (no shield)
rNeg    + . .      Spirit   .   T - +0 troll leather armour
rPois   .          Reflect  .   (no helmet)
rElec   .          Harm     .   I - +2 cloak
rCorr   .          Rampage  .   R - +1 pair of gloves
Will    ++++.      Clarity  +   Q - +0 pair of boots
Stlth   +++.......              K - amulet of the Four Winds {rN+ Will+++ Clar}
HPRegen 1.04/turn               g - +4 ring of evasion
MPRegen 0.22/turn               h - ring of fire

@: very slightly contaminated, slowed, very slow
A: agile 1, dopey 1
a: Renounce Religion, Channel Magic, Forget Spell, Divine Exegesis


You were on level 15 of the Dungeon.
You worshipped Sif Muna.
Sif Muna was greatly pleased with you.
You visited 3 branches of the dungeon, and saw 22 of its levels.
You also visited: Ice Cave.

You collected 2235 gold pieces.
You spent 652 gold pieces at shops.

Inventory:

Hand Weapons
 e - a +1 dagger of venom (weapon)
Missiles
 k - a throwing net
Armour
 a - a +0 robe
 d - an orb of energy
 I - a +2 cloak (worn)
 P - a +0 pair of gloves
 Q - a +0 pair of boots (worn)
 R - a +1 pair of gloves (worn)
 S - +0 acid dragon scales
 T - a +0 troll leather armour (worn)
Jewellery
 f - an amulet of regeneration
 g - a +4 ring of evasion (left hand)
 h - a ring of fire (right hand)
 w - a ring of ice
 z - an amulet of reflection
 K - the amulet of the Four Winds (around neck) {rN+ Will+++ Clar}
   (You bought it in a shop on level 8 of the Dungeon)

   [amulet of nothing]

   rN:        It protects you from negative energy.
   Clar:      It protects you against confusion.
   Will:      It greatly increases your willpower.
 W - a ring of protection from fire
Wands
 l - a wand of mindburst (5)
 o - a wand of flame (30)
 x - a wand of iceblast (13)
 B - a wand of acid (10)
 C - a wand of polymorph (17)
 J - a wand of charming (7)
Scrolls
 b - 3 scrolls of blinking
 i - 4 scrolls of amnesia
 j - 2 scrolls of immolation
 m - 6 scrolls of noise
 n - a scroll of identify {@r1}
 r - a scroll of enchant weapon
 y - 2 scrolls of teleportation {@r4}
 A - 6 scrolls of vulnerability
 D - 4 scrolls of torment
 F - 2 scrolls of enchant armour
 H - 2 scrolls of brand weapon
 O - 2 scrolls of fog
Potions
 c - 2 potions of attraction
 q - 2 potions of flight
 s - 14 potions of curing {@q1}
 t - 2 potions of might
 u - 2 potions of invisibility
 v - a potion of heal wounds {@q2}
 E - a potion of resistance
 G - 2 potions of brilliance
 L - a potion of berserk rage
 N - a potion of magic
Miscellaneous
 p - a condenser vane


   Skills:
 + Level 10.8 Fighting
 + Level 2.8 Short Blades
 - Level 2.6 Armour
 - Level 9.0 Dodging
 + Level 7.2 Stealth
 - Level 10.5 Spellcasting
 - Level 8.7 Conjurations
 + Level 20.0 Hexes
 - Level 2.3 Transmutations
 - Level 5.7 Fire Magic
 - Level 7.8 Invocations
 - Level 1.1 Evocations


You couldn't memorise any spells.
You knew the following spells:

 Your Spells              Type           Power      Damage    Failure   Level
a - Enfeeble              Hex            41%        N/A       1%          7
b - Scorch                Fire           100%       2d10      1%          2
c - Inner Flame           Hex/Fire       84%        N/A       1%          3
d - Fulminant Prism       Conj/Hex       34%        3d16      1%          4
e - Cause Fear            Hex            41%        N/A       1%          4
f - Yara's Violent Unrav  Hex/Tmut       30%        3d13      2%          5
g - Foxfire               Conj/Fire      100%       2x1d9     1%          1
h - Discord               Hex            41%        N/A       14%         8

Your spell library contained the following spells:

 Spells                   Type           Power      Damage    Failure   Level
 Confusing Touch          Hex            83%        N/A       0%          3
 Magic Dart               Conj           100%       1d8       1%          1
 Searing Ray              Conj           100%       2d8       1%          2
 Conjure Flame            Conj/Fire      63%        6-21      1%          3
 Dazzling Flash           Conj/Hex       100%       N/A       1%          3
 Beastly Appendage        Tmut           46%        N/A       3%          1
 Silence                  Hex/Air        28%        N/A       3%          5
 Wereblood                Tmut           23%        N/A       4%          2
 Stone Arrow              Conj/Erth      66%        3d11      4%          3
 Flame Wave               Conj/Fire      63%        2d12      4%          4
 Sticky Flame             Conj/Fire      63%        2d8       4%          4
 Passwall                 Tmut/Erth      15%        N/A       8%          2
 Sandblast                Erth           24%        2d8       9%          1
 Ignite Poison            Fire/Tmut/Pois 38%        N/A       9%          3
 Sublimation of Blood     Necr           12%        N/A       12%         2
 Fireball                 Conj/Fire      31%        3d13      12%         5
 Iskenderun's Mystic Bla  Conj/Tloc      33%        2d8       14%         4
 Spider Form              Tmut/Pois      18%        N/A       16%         3
 Irradiate                Conj/Tmut      19%        3d20      22%         5
 Frozen Ramparts          Ice            24%        1d4       24%         3
 Ice Form                 Ice/Tmut       18%        N/A       45%         4
 Petrify                  Tmut/Erth      18%        N/A       45%         4
 Summon Ice Beast         Ice/Summ       12%        N/A       63%         4
 Agony                    Necr           12%        N/A       92%         5


Dungeon Overview and Level Annotations

Branches:
Dungeon (15/15)            Temple (0/1) D:7            Lair (5/6) D:8
 Shoals (0/4) Lair:3        Snake (0/4) Lair:4          Orc (2/2) D:10
    Elf (0/3) Orc:2        Vaults (0/5) D:14          IceCv (visited)
  Slime: Lair:5-6    Depths: D:15

Altars:
Ashenzari
Dithmenos
Elyvilon
Fedhas
Gozag
Hepliaklqana
Makhleb
Ru
Sif Muna
Trog
Vehumet
Xom
Beogh
Jiyva

Shops:
D:8 =   D:15 ?   Orc:2 (?[!

Annotations:
D:9 2 runed translucent doors, AuraOfTheDawn's ghost, novice OgHu
D:13 Rupert
D:14 exclusions: storm dragon and 2 more exclusions
Lair:3 1 runed translucent door
Lair:4 exclusion: oklob plant
Lair:5 1 runed translucent door


Innate Abilities, Weirdness & Mutations

You are agile. (Dex +2)
You are dopey. (Int -2)


Message History

The centaur warrior simulacrum's fire resistance burns away.
The centaur warrior simulacrum misses you.
The centaur warrior simulacrum barely misses you.
You hear two shouts!
Sif Muna accepts your kill.
You feel a bit more experienced.
The centaur warrior simulacrum hits you but does no damage.
The centaur warrior simulacrum barely misses you.
Casting: Scorch (safe; 1% risk of failure)
Confirm with . or Enter, or press ? or * to list all spells.
You feel a surge of power!
Flames lash the centaur warrior simulacrum.
The centaur warrior simulacrum melts!
The centaur warrior simulacrum is heavily damaged.
Sif Muna accepts your kill.
You feel a bit more experienced.
The centaur warrior simulacrum barely misses you.
The centaur warrior simulacrum misses you.
The centaur warrior simulacrum closely misses you.
The centaur warrior simulacrum barely misses you.
Casting: Scorch (safe; 1% risk of failure)
Confirm with . or Enter, or press ? or * to list all spells.
You feel a surge of power!
Flames lash the centaur warrior simulacrum.
The centaur warrior simulacrum melts!
The centaur warrior simulacrum is almost destroyed.
Sif Muna accepts your kill.
You feel a bit more experienced.
You hear two shouts!
The centaur warrior simulacrum completely misses you.
The centaur warrior simulacrum kicks you.
The centaur warrior simulacrum freezes you!
You feel a terrible chill! Sif Muna accepts your kill.
You feel a bit more experienced.
The centaur warrior simulacrum hits you!
* * * LOW HITPOINT WARNING * * *
The centaur warrior simulacrum freezes you!!
You feel a terrible chill!
You die...

........##..##)....###.
#......##
≈......................
#........
≈..####.######.....##
#.####### ≈..# #.#
#.....# #.# ≈..# #.#
###.### #.# ≈.## #.#
#.# #.# ≈.# #.# ###.#
#.# §.# #.# #...# ###.#
≈.# #.# #..@# #...# ≈.#
#.# #..Z# #.### ≈§#
##.#.# #.# ##)## #.# Z#
### O# )) .O ..J


You could see a centaur warrior simulacrum (combustible).

Vanquished Creatures
  A sphinx (D:14)
  A yaktaur captain (D:14)
  5 hydras
  A boulder beetle (D:12)
  2 centaur warriors (D:13)
  4 two-headed ogres
  Amaemon (Lair:4)
  12 death yaks
  2 orc high priests (Orc:2)
  Sonja (D:13)
  A wizard (D:14)
  3 orc knights (Orc:2)
  2 cyclopes
  3 deep elf pyromancers
  4 manticores
  An ugly thing (D:11)
  4 black mambas
  An orange demon (Lair:4)
  A torpor snail (shapeshifter) (D:13)
  9 cane toads
  2 rime drakes
  3 unseen horrors
  An ice devil (Lair:4)
  2 yaktaurs (D:14)
  A kobold demonologist (D:11)
  9 komodo dragons
  A tengu conjurer (D:13)
  A red devil (D:15)
  5 polar bears
  4 trolls
  A wind drake (Lair:3)
  3 blink frogs (Lair:2)
  A hornet (D:9)
  A vampire (D:11)
  Sigmund (D:2)
  3 shadows
  9 wyverns
  2 wraiths
  42 yaks
  2 basilisks
  A steam dragon (D:10)
  8 vampire mosquitoes
  4 nagas (Lair:4)
  Edmund (D:6)
  2 acid dragons
  8 water moccasins
  A floating eye (D:11)
  12 orc warriors
  2 ice beasts (D:6)
  A swamp drake (D:8)
  A sky beast (D:7)
  4 black bears
  A hornet zombie (D:7)
  3 necrophages
  28 wolves
  3 ogres
  8 centaurs
  2 lemures (D:4)
  4 kobold brigands
  15 bullfrogs
  5 scorpions
  A water moccasin skeleton (D:4)
  6 killer bees (D:10)
  14 wights
  5 electric eels
  8 howler monkeys
  9 centaur zombies
  A lava snake (D:15)
  6 orc priests
  A bullfrog skeleton (D:6)
  4 hounds
  A jelly (D:5)
  Crazy Yiuf (D:7)
  A gnoll shaman (D:6)
  3 iguanas
  14 orc wizards
  2 howler monkey zombies
  3 gnolls (D:6)
  A howler monkey skeleton (D:4)
  4 adders
  2 white imps (D:7)
  3 ufetubi
  An adder skeleton (D:4)
  A worm (D:4)
  3 dart slugs
  59 orcs
  4 endoplasms
  4 giant cockroaches
  9 goblins
  5 hobgoblins
  18 kobolds
  4 ball pythons
  5 bats
  A frilled lizard (D:3)
  A quokka skeleton (D:4)
  7 rats
  A fulminant prism (D:12)
480 creatures vanquished.

Vanquished Creatures (collateral kills)
  5 two-headed ogres
  An orc high priest (Orc:2)
  An orc knight (Orc:2)
  2 orc sorcerers (Orc:2)
  A red devil (D:15)
  5 slime creatures (D:15)
  5 orc warriors (Orc:2)
  4 centaurs (D:13)
  2 ogres (Orc:2)
  A kobold brigand (D:7)
  2 orc priests (Orc:2)
  4 orc wizards (Orc:2)
  8 orcs (Orc:2)
  3 foxfires
44 creatures vanquished.

Vanquished Creatures (others)
  An ogre mage (D:15)
  A two-headed ogre (D:15)
  An orc sorcerer (Orc:2)
  2 red devils (D:15)
  2 orc warriors (Orc:2)
  A howler monkey (D:10)
  2 orc priests (Orc:2)
  866 foxfires
  91 fulminant prisms
  46 fungi
  50 plants
  7 toadstools (Lair:3)
1070 creatures vanquished.

Grand Total: 1594 creatures vanquished

Notes
Turn   | Place    | Note
-------+----------+-------------------------------------------
     0 | D:1      | freelancePsychic the Deep Elf Fire Elementalist began the
                  | quest for the Orb.
     0 | D:1      | Reached XP level 1. HP: 10/10 MP: 6/6
   218 | D:1      | Reached XP level 2. HP: 16/16 MP: 4/8
   426 | D:1      | Found a faded altar of an unknown god.
   510 | D:1      | Reached skill level 1 in Evocations
   513 | D:1      | Learned a level 2 spell: Scorch
   828 | D:2      | Found a shimmering blue altar of Sif Muna.
   845 | D:2      | Became a worshipper of Sif Muna the Loreminder
   855 | D:2      | Reached XP level 3. HP: 20/20 MP: 6/10
   942 | D:2      | Learned a level 3 spell: Inner Flame
  1024 | D:2      | Reached skill level 1 in Fighting
  1099 | D:2      | Reached skill level 1 in Hexes
  1155 | D:2      | Noticed Sigmund
  1433 | D:2      | Gained mutation: You are dopey. (Int -2) [potion of
                  | mutation]
  1433 | D:2      | Gained mutation: You are agile. (Dex +2) [potion of
                  | mutation]
  1438 | D:2      | Killed Sigmund
  1439 | D:2      | Reached skill level 3 in Hexes
  1439 | D:2      | Reached skill level 1 in Invocations
  1439 | D:2      | Reached XP level 4. HP: 26/26 MP: 4/11
  1439 | D:2      | Reached XP level 5. HP: 30/30 MP: 4/12
  1875 | D:3      | Found a white marble altar of Elyvilon.
  2063 | D:3      | Reached skill level 5 in Fire Magic
  2063 | D:3      | Reached XP level 6. HP: 35/35 MP: 6/13
  2781 | D:4      | Reached * piety under Sif Muna
  2782 | D:4      | Reached skill level 4 in Hexes
  3673 | D:4      | Reached XP level 7. HP: 40/40 MP: 9/14
  4441 | D:5      | Entered Level 5 of the Dungeon
  4476 | D:5      | Reached skill level 5 in Hexes
  4893 | D:5      | Reached ** piety under Sif Muna
  5507 | D:6      | Reached XP level 8. HP: 46/46 MP: 8/15
  5605 | D:6      | Reached skill level 6 in Hexes
  5718 | D:6      | Reached skill level 5 in Invocations
  6165 | D:6      | Identified the +4 scimitar of Regicide {antimagic, Int+4}
  6194 | D:6      | Noticed Edmund
  6202 | D:6      | Killed Edmund
  6328 | D:6      | Reached skill level 5 in Stealth
  6652 | D:6      | Reached skill level 7 in Hexes
  7443 | D:7      | Reached XP level 9. HP: 37/52 MP: 4/16
  7716 | D:7      | Found a staircase to the Ecumenical Temple.
  8358 | D:7      | Reached skill level 8 in Hexes
  8515 | D:7      | Found a burning altar of Makhleb.
  8528 | D:7      | Found a hazy altar of Hepliaklqana.
  8830 | D:7      | Found a runed translucent door.
  8831 | D:7      | Noticed Crazy Yiuf
  8896 | D:7      | Killed Crazy Yiuf
  9291 | D:8      | Reached *** piety under Sif Muna
  9292 | D:8      | Reached skill level 5 in Fighting
  9436 | D:8      | Noticed a komodo dragon
  9444 | D:8      | Killed a komodo dragon
  9445 | D:8      | Reached skill level 9 in Hexes
  9618 | D:8      | Found a staircase to the Lair.
  9747 | D:8      | Found Voelumob's Jewellery Emporium.
  9757 | D:8      | Bought the amulet of the Four Winds {rN+ Will+++ Clar} for
                  | 570 gold pieces
  9757 | D:8      | Found the amulet of the Four Winds {rN+ Will+++ Clar}
 10339 | D:8      | Reached XP level 10. HP: 60/60 MP: 12/17
 10472 | D:8      | Reached skill level 5 in Dodging
 10854 | D:9      | You fall into a shaft and drop 1 floor!
 10854 | D:10     | Entered Level 10 of the Dungeon
 10864 | D:10     | Learned a level 4 spell: Fulminant Prism
 10877 | D:10     | Found a staircase to the Orcish Mines.
 10896 | D:10     | Reached skill level 10 in Hexes
 11371 | D:9      | Found a huge runed translucent gate.
 11371 | D:9      | Found a huge runed translucent gate.
 11371 | D:9      | Found a huge runed translucent gate.
 11372 | D:9      | Found a huge runed translucent gate.
 11372 | D:9      | Noticed a death yak
 11968 | D:9      | Found a large runed translucent door.
 11968 | D:9      | Found a large runed translucent door.
 11976 | D:9      | Noticed AuraOfTheDawn's ghost (novice OgHu)
 12101 | D:9      | Reached skill level 11 in Hexes
 12980 | D:10     | Noticed a two-headed ogre
 13079 | D:10     | Reached **** piety under Sif Muna
 13080 | D:10     | Reached skill level 12 in Hexes
 13091 | D:10     | Reached XP level 11. HP: 66/66 MP: 5/18
 13192 | D:10     | Found a bloodstained altar of Trog.
 13196 | D:10     | Found a shadowy altar of Dithmenos.
 13197 | D:10     | Found a sacrificial altar of Ru.
 13198 | D:10     | Found a broken altar of Ashenzari.
 13200 | D:10     | Found an opulent altar of Gozag.
 14032 | D:10     | Reached skill level 5 in Conjurations
 14267 | D:10     | Reached skill level 13 in Hexes
 14413 | D:10     | Found a shimmering altar of Xom.
 14576 | D:10     | Learned a level 4 spell: Cause Fear
 14725 | D:10     | Killed a two-headed ogre
 15104 | D:10     | Noticed a two-headed ogre
 15110 | D:10     | Killed a two-headed ogre
 15345 | Lair:1   | Entered Level 1 of the Lair of Beasts
 15476 | Lair:1   | You fall into a shaft and drop 1 floor!
 15481 | Lair:2   | Identified the +2 spear "Duopp" {drain, rN+ Str+2}
 15508 | Lair:2   | Reached skill level 14 in Hexes
 15685 | Lair:2   | Noticed a four-headed hydra
 15689 | Lair:2   | Killed a four-headed hydra
 16058 | Lair:2   | Reached XP level 12. HP: 73/73 MP: 11/19
 16700 | Lair:2   | Noticed a seven-headed hydra
 16943 | Lair:1   | Reached skill level 15 in Hexes
 17046 | Lair:1   | Reached skill level 5 in Spellcasting
 18141 | Lair:2   | Killed a seven-headed hydra
 18806 | Lair:3   | Found a radiant altar of Vehumet.
 18811 | Lair:3   | Found a staircase to the Shoals.
 19007 | Lair:3   | Noticed a death yak
 19022 | Lair:3   | Killed a death yak
 19686 | Lair:3   | Noticed a dire elephant
 19686 | Lair:3   | Noticed a dire elephant
 19708 | Lair:3   | Found a runed translucent door.
 20366 | Lair:4   | Reached skill level 16 in Hexes
 20797 | Lair:4   | Noticed a four-headed hydra
 20811 | Lair:4   | Noticed Amaemon
 20823 | Lair:4   | Killed a four-headed hydra
 20831 | Lair:4   | Killed Amaemon
 20833 | Lair:4   | Found a frozen archway.
 20848 | Lair:4   | Learned a level 5 spell: Yara's Violent Unravelling
 20850 | IceCv    | Entered an ice cave
 21045 | IceCv    | Reached XP level 13. HP: 80/80 MP: 14/22
 21134 | IceCv    | Reached skill level 1 in Transmutations
 22700 | Lair:4   | Found a staircase to the Snake Pit.
 22860 | Lair:4   | Reached skill level 17 in Hexes
 23530 | Lair:4   | Reached skill level 10 in Fighting
 23862 | Lair:4   | Identified the +1 robe of Discretion {rF+ rCorr Slay-6}
 23907 | Lair:4   | Found a blossoming altar of Fedhas.
 24521 | Lair:5   | Reached ***** piety under Sif Muna
 24949 | Lair:5   | Received a gift from Sif Muna
 25125 | Lair:5   | Got Sif Muna's Collected Works on Attacks {god gift}
 25674 | Lair:5   | Found a runed translucent door.
 25675 | Lair:5   | Found a viscous altar of Jiyva.
 25737 | Lair:4   | Learned a level 7 spell: Enfeeble
 26231 | D:11     | Reached skill level 18 in Hexes
 26356 | D:11     | Reached skill level 1 in Short Blades
 27239 | D:12     | Noticed Nessos
 27241 | D:12     | Noticed Nessos
 27241 | D:12     | Nessos changed into Nessos the floating eye
 27243 | D:12     | Paralysed by Nessos for 3 turns
 27249 | D:11     | Paralysed by Nessos for 4 turns
 27254 | D:11     | Killed Nessos the floating eye
 27849 | D:11     | Reached skill level 10 in Spellcasting
 28137 | D:12     | Reached XP level 14. HP: 71/88 MP: 14/30
 28648 | D:13     | Identified the +3 short sword "Ywugas" {vorpal, Int+3}
 28734 | D:13     | Noticed Rupert
 29077 | D:13     | Noticed Sonja
 29258 | Orc:1    | Entered Level 1 of the Orcish Mines
 29275 | D:10     | Learned a level 8 spell: Discord
 29537 | D:12     | Reached skill level 1 in Armour
 30207 | D:13     | Killed Sonja
 30208 | D:13     | Reached skill level 19 in Hexes
 30525 | D:14     | Noticed a storm dragon
 30789 | Orc:2    | Entered Level 2 of the Orcish Mines
 31196 | Orc:2    | Found a staircase to the Elven Halls.
 32443 | Orc:2    | Found Efroray's Antique Weapon Shop.
 32443 | Orc:2    | Found Zigeohas's Distillery.
 32446 | Orc:2    | Found Kyank's Antique Armour Shoppe.
 32446 | Orc:2    | Found Roofin's Magic Scroll Shop.
 32466 | Orc:2    | Bought a scroll of blinking for 82 gold pieces
 33004 | D:14     | Noticed a sphinx
 33102 | D:14     | Noticed an orc warlord
 33487 | D:14     | Killed a sphinx
 33593 | D:14     | Found a gate to the Vaults.
 33867 | D:15     | Entered Level 15 of the Dungeon
 34100 | D:15     | Found Urri Tatt's Magic Scroll Emporium.
 34175 | D:15     | Reached skill level 20 in Hexes
 34179 | D:15     | Slain by a centaur warrior simulacrum

Illustrated notes

Levels and vault maps discovered:
D:1:      minmay_arrival_solitary_statue, layout_rooms, serial_glass,
          glass_columns_b, glass_columns_a, glass_columns_a, glass_columns_a,
          glass_columns_a, glass_columns_c, glass_columns_b, glass_columns_a,
          glass_columns_c, glass_columns_b, glass_columns_a, glass_columns_a,
          glass_columns_b, glass_columns_b, ebering_ecumenical_altar_petrified
D:2:      minmay_angry_zag, layout_rooms, basic_altar,
          kennysheep_generic_room_16, uniq_sigmund
D:3:      layout_basic, amcnicky_altar_gilded
D:4:      cheibrodos_pilgrimage, layout_layer_cave, uniq_pikel
D:5:      layout_gridville, minmay_crystal_room
D:6:      layout_layer_cave, uniq_edmund
D:7:      layout_basic, nicolae_overflow_squiral, minmay_temple_entry_grid,
          minmay_fractal_squares_diagonal_5, uniq_crazy_yiuf_cottage
D:8:      layout_basic, erik_lair_dragon, serial_co_window_serial,
          co_window_paths_a, co_window_paths_a, co_window_paths_a,
          co_window_paths_a, co_window_of_opportunity_a, co_window_2corner,
          co_window_of_opportunity_c, co_window_of_opportunity_b, co_window_sun,
          co_window_paths_d, glass_columns_a, glass_columns_a, glass_columns_a,
          glass_columns_a, glass_columns_b, serial_shops, nicolae_lakefront_shop
D:9:      lemuel_bear_cage, layout_gridville, ebering_ghost_disaster_area
D:10:     minmay_bubble_buster, layout_irregular_city, minitemple,
          xom_confusion_cloud, minmay_orc_entry_temple_small
D:11:     layout_roguey, grunt_decor_cap
D:12:     layout_cave_pools, lemuel_flamethrower_2, uniq_nessos
D:13:     layout_basic, uniq_sonja, uniq_rupert
D:14:     minmay_textured_paths, layout_loops_ring, david_vaults_2,
          minmay_misc_feat_square
D:15:     grunt_enter_depths_magical_seal, layout_loops_ring,
          serial_park_tiny_1, serial_shops, nicolae_inconvenience_store,
          einodemon_armed_red_devil_minivault
Lair:1:   layout_roguey
Lair:2:   layout_cave_pods
Lair:3:   gammafunk_lair_enchanted_lake, layout_loops_ring,
          minmay_shoals_entry_beasts, lemuel_centaur_altar, serial_bayou_shore_a
Lair:4:   layout_roguey, minmay_snake_entry_guardpost_small,
          portal_ice_cave_demonic_guard, tgw_fedhas, infiniplex_staircase_pool,
          uniq_amaemon
Lair:5:   layout_small_grid, slime_altar_2, grunt_megastairs_2,
          infiniplex_staircase_pool_2
Orc:1:    layout_caves, serial_shops, shop_statue, hangedman_minor_magic
Orc:2:    grunt_orc_tribal_feast, layout_caves, basic_altar

Skill      XL: |  1  2  3  4  5  6  7  8  9 10 11 12 13 14 |
---------------+-------------------------------------------+-----
Evocations     | 1 |  1.1
Fighting       | 1 2 3 4 5 6 7 9 10 | 10.8
Hexes          | 3 4 5 7 9 12 14 16 18 20 | 20.0
Fire Magic     | 4 5 |  5.7
Invocations    | 1 2 4 6 7 |  7.8
Stealth        | 4 5 6 7 |  7.2
Dodging        | 4 7 8 9 |  9.0
Conjurations   | 4 6 8 |  8.7
Spellcasting   | 5 10 | 10.5
Transmutations | 2 |  2.3
Short Blades   | 1 2 |  2.8
Armour         | 2 |  2.6

Action                   |  1- 3 |  4- 6 |  7- 9 | 10-12 | 13-15 || total
-------------------------+-------+-------+-------+-------+-------++-------
Melee: Dagger            |     1 |       |       |       |   353 ||   354
       Spear             |       |     8 |     2 |    45 |    34 ||    89
       Punch             |       |       |       |       |     6 ||     6
 Cast: Foxfire           |    52 |    45 |   144 |   216 |    48 ||   505
       Scorch            |    11 |    35 |    67 |   127 |   169 ||   409
       Inner Flame       |       |     1 |    27 |    80 |    72 ||   180
       Fulminant Prism   |       |       |       |    47 |    45 ||    92
       Cause Fear        |       |       |       |     8 |    27 ||    35
       Enfeeble          |       |       |       |       |    50 ||    50
       Yara's Violent Un |       |       |       |       |    18 ||    18
       Discord           |       |       |       |       |    13 ||    13
Invok: Channel Magic     |       |       |     1 |    10 |    10 ||    21
Evoke: Wand              |       |       |       |     3 |     6 ||     9
  Use: Potion            |     4 |       |       |       |    10 ||    14
       Scroll            |       |       |     9 |    12 |     3 ||    24
 Stab: Invisible         |       |       |       |       |    40 ||    40
       Sleeping          |       |       |       |       |     5 ||     5
Armor: Skin              |     2 |       |       |       |       ||     2
       Robe              |       |     1 |     2 |    30 |    55 ||    88
       Troll leather arm |       |       |       |       |    71 ||    71
Dodge: Dodged            |     5 |     7 |    31 |   207 |   596 ||   846

Table legend: (Time is in decaauts)
 A = Elapsed time spent in this place.
 B = Non-inter-level travel time spent in this place.
 C = Inter-level travel time spent in this place.
 D = Time resting spent in this place.
 E = Time spent auto-exploring this place.
 F = Levels seen in this place.
 G = Mean time per level.
                   A        B        C        D        E       F      G
               +--------+--------+--------+--------+--------+-----+--------+
         Total |  34314 |  32415 |   1899 |   3749 |  23382 |  23 | 1491.9 |
       Dungeon |  21859 |  20323 |   1536 |   2021 |  15088 |  15 | 1457.3 |
          Lair |   8981 |   8686 |    295 |    969 |   6437 |   5 | 1796.2 |
  Orcish Mines |   1891 |   1824 |     67 |    553 |    890 |   2 |  945.5 |
      Ice Cave |   1581 |   1581 |      0 |    206 |    966 |   1 | 1581.0 |
               +--------+--------+--------+--------+--------+-----+--------+

Top non-repeatable levels by time:
    D:10: 2719 daAuts
  Lair:3: 2430 daAuts
  Lair:4: 2408 daAuts
  Lair:2: 1994 daAuts
     D:9: 1989 daAuts
     D:4: 1970 daAuts
     D:8: 1914 daAuts
     D:6: 1876 daAuts
    D:11: 1834 daAuts
     D:7: 1732 daAuts
    D:14: 1591 daAuts
   Orc:2: 1584 daAuts
   IceCv: 1581 daAuts
    D:12: 1407 daAuts
  Lair:5: 1129 daAuts
